 Dungeon Sprint DCSS version 0.21.0 (webtiles) character file.

2592 wojtek the Bludgeoner (level 9, -9/88 (90) HPs)
             Began as a Minotaur Berserker on Jan 7, 2018.
             Was a Priest of Trog.
             Mangled by a tentacle (17 damage)
             ... attached to a kraken
             ... in the Dungeon (Sprint II: "The Violet Keep of Menkaure").
             The game lasted 00:03:00 (1079 turns).

wojtek the Bludgeoner (Minotaur Berserker)          Turns: 1079, Time: 00:03:00

HP:   -9/88 (90)    AC:  3    Str: 26    XL:     9   Next: 33%
MP:   2/2           EV: 17    Int:  4    God:    Trog [***...]
Gold: 1063          SH:  0    Dex:  9    Spells: 8/8 levels left

rFire    . . .     SeeInvis .   a - +5 dire flail (antimagic)
rCold    . . .     Gourm    .   (shield currently unavailable)
rNeg     . . .     Faith    .   b - +0 animal skin
rPois    .         Spirit   .   (helmet restricted)
rElec    .         Reflect  .   (no cloak)
rCorr    .         Harm     .   (no gloves)
MR       .....     NoTele   +   (no boots)
Stlth    +.........             (no amulet)
HPRegen  0.24/turn              (no ring)
MPRegen  0.08/turn              (no ring)

@: berserk cooldown
A: retaliatory headbutt, horns 2
a: Berserk, Trog's Hand, Burn Spellbooks, Renounce Religion


You were in the Dungeon.
You worshipped Trog.
Trog was most pleased with you.
You were not hungry.

You visited 1 branch You collected 1063 gold pieces.

Inventory:

Hand Weapons
 a - a +5 antimagic dire flail (weapon)
Armour
 b - a +0 animal skin (worn)
Scrolls
 i - 2 scrolls of blinking
 j - a scroll of identify {unknown}
Potions
 d - 3 potions of curing
 e - a potion of heal wounds
 f - a potion of haste
 g - 2 potions of magic
 h - a potion of berserk rage


   Skills:
 + Level 11.9 Fighting
 * Level 15.7 Maces & Flails
 + Level 11.7 Armour
 + Level 10.8 Dodging


You had 8 spell levels left.
You didn't know any spells.

Dungeon Overview and Level Annotations

Branches:
Dungeon (1/1)

Altars:
Cheibriados
Dithmenos
Elyvilon
Fedhas
Hepliaklqana
Kikubaaqudgha
Makhleb
Nemelex Xobeh
Qazlal
Ru
Sif Muna
Trog
Uskayaw
Vehumet
Wu Jian
Xom
Yredelemnul
Zin
The Shining One
Beogh
Jiyva
Lugonu

Shops:
D *%?!(:}[[=%


Innate Abilities, Weirdness & Mutations

You reflexively headbutt those who attack you in melee.
You have a pair of horns on your head.


Message History

Your black bear barely misses the tentacle.
The tentacle slaps your black bear!!
Found five items.
You see here a potion of curing.
The tentacle slaps your black bear!
Your black bear bites the tentacle!
Your black bear claws the tentacle but does no damage.
Your black bear claws the tentacle.
You see here 11 gold pieces.
The tentacle barely misses your black bear.
Your black bear barely misses the tentacle.
Your black bear claws the tentacle but does no damage.
Your black bear claws the tentacle.
The tentacle closely misses your black bear.
Your black bear bites the tentacle.
Your black bear claws the tentacle but does no damage. x2
The tentacle slaps your black bear!
Your black bear dies!
Your black bear's corpse disappears in a puff of smoke!
The tentacle slaps you!
You die...

.§§▓≈≈≈§≈≈≈≈▓▓
#}=▓▓▓▓▓▓▓▓▓▓▓
#[|▓((((?(=?▓▓ #.
#:§▓(!?%(($$▓▓ ##
+.####|)▓$$)!%=(%▓▓ .#
...####▓$)=?[?$?▓▓ .##
#..##.#▓[?)!!$!!▓▓ ..#
+..#..#▓?$(@)%(?▓▓ ..#
#..#).#▓%!($w?.)▓▓
..####..##)#▓()[([\.§▓▓
....###...##▓▓▓▓▓▓▓\▓▓▓▓+▓
§.....≈≈≈≈≈≈≈≈≈≈≈§§.──Xw≈▓
≈.....≈#+########'###w§w≈▓
≈≈≈§..≈#.._._._.#§§§##§§≈▓
≈≈≈≈≈.≈#._._._..#§≈§≈####▓
§≈≈≈≈≈≈#_._._._.#§§§§≈#


You could see a kraken and 4 tentacles.

Vanquished Creatures
  A yaktaur (D)
  3 polar bears (D)
  A hornet (D)
  2 hippogriffs (D)
  4 neqoxecs (D)
  4 necrophages (D)
  3 crocodiles (D)
  4 worker ants (D)
  4 tentacles (D)
26 creatures vanquished.

Vanquished Creatures (collateral kills)
  A crocodile (D)
1 creature vanquished.

Vanquished Creatures (others)
  A crocodile (D)
  4 tentacles (D)
5 creatures vanquished.

Grand Total: 32 creatures vanquished

Notes
Turn   | Place    | Note
-------+----------+-------------------------------------------
     0 | D        | wojtek the Minotaur Berserker began the quest for the Orb.
     0 | D        | Reached XP level 1. HP: 19/19 MP: 0/0
     1 | D        | Noticed a hippogriff
     1 | D        | Noticed a hippogriff
     5 | D        | Killed a hippogriff
     5 | D        | Reached skill level 9 in Maces & Flails
     5 | D        | Reached skill level 5 in Dodging
     5 | D        | Reached XP level 2. HP: 31/31 MP: 1/1
     5 | D        | Reached XP level 3. HP: 38/38 MP: 2/2
     5 | D        | Reached XP level 4. HP: 45/45 MP: 3/3
     5 | D        | Reached XP level 5. HP: 51/51 MP: 4/4
    10 | D        | Killed a hippogriff
    10 | D        | Reached skill level 10 in Maces & Flails
    10 | D        | Reached XP level 6. HP: 61/61 MP: 5/5
    57 | D        | Noticed a neqoxec
    57 | D        | Noticed a neqoxec
    57 | D        | Noticed a neqoxec
    57 | D        | Noticed a neqoxec
    64 | D        | Killed a neqoxec
    64 | D        | Reached ** piety under Trog
    64 | D        | Reached skill level 11 in Maces & Flails
    67 | D        | Killed a neqoxec
    67 | D        | Reached skill level 12 in Maces & Flails
    67 | D        | Reached XP level 7. HP: 61/70 MP: 6/6
    68 | D        | Killed a neqoxec
    71 | D        | Killed a neqoxec
    71 | D        | Reached *** piety under Trog
   235 | D        | Reached skill level 10 in Fighting
   235 | D        | Reached skill level 13 in Maces & Flails
   238 | D        | Reached XP level 8. HP: 65/79 MP: 7/7
   253 | D        | Reached **** piety under Trog
   253 | D        | Reached skill level 10 in Armour
   497 | D        | Found Suiriwu's Antique Weapon Emporium.
   497 | D        | Found Zuwnumom's Gadget Emporium.
   497 | D        | Found Urphuklep's Antique Armour Emporium.
   497 | D        | Found Tuaripnuo's Distillery.
   497 | D        | Found Foez's Book Shoppe.
   498 | D        | Found Nipleil's Magic Scroll Shoppe.
   498 | D        | Found Zeleypaiwn's Food Emporium.
   498 | D        | Found Juha's Antique Armour Shoppe.
   498 | D        | Found Gaaraef's Jewellery Shoppe.
   499 | D        | Found Suarrut's Food Shoppe.
   499 | D        | Found Ijogueg's General Store.
   516 | D        | Reached ***** piety under Trog
   516 | D        | Reached skill level 14 in Maces & Flails
   555 | D        | Found a roughly hewn altar of Beogh.
   556 | D        | Found a hazy altar of Hepliaklqana.
   556 | D        | Found a snail-covered altar of Cheibriados.
   557 | D        | Found a stormy altar of Qazlal.
   557 | D        | Found a viscous altar of Jiyva.
   557 | D        | Found a shadowy altar of Dithmenos.
   558 | D        | Found a sacrificial altar of Ru.
   558 | D        | Found an ancient bone altar of Kikubaaqudgha.
   558 | D        | Found a white marble altar of Elyvilon.
   559 | D        | Found an ornate altar of the Wu Jian Council.
   559 | D        | Found a deep blue altar of Sif Muna.
   559 | D        | Found a corrupted altar of Lugonu.
   559 | D        | Found a blossoming altar of Fedhas.
   560 | D        | Found a shimmering altar of Xom.
   560 | D        | Found a bloodstained altar of Trog.
   560 | D        | Found a burning altar of Makhleb.
   561 | D        | Found a glowing golden altar of the Shining One.
   561 | D        | Found a basalt altar of Yredelemnul.
   561 | D        | Found a hide-covered altar of Uskayaw.
   562 | D        | Found a glowing silver altar of Zin.
   564 | D        | Noticed a yaktaur
   564 | D        | Noticed a hornet
   564 | D        | Noticed a polar bear
   565 | D        | Noticed a polar bear
   570 | D        | Killed a polar bear
   571 | D        | Noticed a polar bear
   578 | D        | Killed a polar bear
   578 | D        | Reached skill level 10 in Dodging
   581 | D        | Killed a hornet
   581 | D        | Received a gift from Trog
   581 | D        | Reached XP level 9. HP: 36/87 MP: 8/8
   584 | D        | Killed a yaktaur
   584 | D        | Reached skill level 15 in Maces & Flails
   586 | D        | Killed a polar bear
   890 | D        | Found a radiant altar of Vehumet.
  1009 | D        | Noticed a kraken
  1010 | D        | Found a sparkling altar of Nemelex Xobeh.
  1053 | D        | Paralysed by fainting for 9 turns
  1079 | D        | Mangled by a tentacle

Skill      XL: |  1  2  3  4  5  6  7  8  9 |
---------------+----------------------------+-----
Fighting       | 6 8 9 10 11 | 11.9
Maces & Flails | 9 10 12 13 14 15 | 15.7
Armour         | 6 7 8 9 11 | 11.7
Dodging        | 5 6 7 9 10 | 10.8

Action                   |  1- 3 |  4- 6 |  7- 9 || total
-------------------------+-------+-------+-------++-------
Melee: Mace              |     3 |    13 |    75 ||    91
       Headbutt          |     2 |     4 |    24 ||    30
       Dire flail        |       |       |    27 ||    27
Invok: Berserk           |     1 |     1 |     2 ||     4
       Brothers in Arms  |       |       |     3 ||     3
  Eat: Chunk             |       |       |     2 ||     2
       Ration            |       |       |     1 ||     1
Armor: Animal skin       |       |       |     2 ||     2
Dodge: Dodged            |     3 |    14 |    56 ||    73
